[Event "Team 45 45 League T65"]
[Site "Internet Chess Club"]
[Date "2015.06.13"]
[Round "2"]
[White "freakypawn"]
[Black "timothysmall56"]
[Result "1-0"]
[WhiteElo "1738"]
[BlackElo "1755"]
[Opening "Bogo-Indian defense"]
[ECO "E11"]
[Time "19:16:04"]
[TimeControl "2700+45"]

1. d4 Nf6 2. c4 e6 3. Nf3 Bb4+ 4. Bd2 Bxd2+ 5. Nbxd2 b6 6. e3 Bb7 7. Bd3 O-O 8.
O-O d6 9. e4 Nc6 10. Rc1 Nb4 11. Bb1 c5 12. a3 Nc6 13. Nb3 cxd4 14. Nbxd4 Qe7
15. Re1 Rfd8 16. Qe2 Rac8 17. h3 Nd7 18. Nxc6 Bxc6 19. Nd4 Bb7 20. f4 a6 21. b4
Rc7 22. Qd3 Nf8 23. f5 e5 24. Ne2 Nd7 25. Nc3 Nf6 26. Nd5 Bxd5 27. cxd5 b5 28.
Qe3 Rdc8 29. Rxc7 Qxc7 30. Kf2 Qc3 31. Qxc3 Rxc3 32. Re3 Rxe3 33. Kxe3 Nd7 34.
Bc2 Nb6 35. Bb3 Kf8 36. g4 f6 37. h4 h6 38. Kf3 Ke7 39. Ke3 Kd7 40. Kd3 Kc7 41.
Ke3 Kb7 42. Kf3 Nd7 43. a4 bxa4 44. Bxa4 Nb8 45. g5 hxg5 46. hxg5 Kc7 47. Kg4
Kd8 48. Kh5 Ke7 49. Kg6 fxg5 50. Kxg5 Kf7 51. Bc6 Kg8 52. Kg6 Kf8 53. f6 gxf6
54. Kxf6 Nxc6 55. dxc6 Ke8 56. Ke6 {Black resigns} 1-0

[Event "Team 45 45 League T65"]
[Site "Internet Chess Club"]
[Date "2015.06.16"]
[Round "2"]
[White "QuieroAprender"]
[Black "Zugzwanged"]
[Result "1/2-1/2"]
[WhiteElo "1640"]
[BlackElo "1624"]
[Opening "Nimzo-Indian: Spielmann, 4...c5, 5.dc Nc6"]
[ECO "E23"]
[Time "19:00:57"]
[TimeControl "2700+45"]

1. d4 Nf6 2. c4 e6 3. Nc3 Bb4 4. Qb3 c5 5. dxc5 Nc6 6. a3 Bxc3+ 7. Qxc3 Ne4 8.
Qxg7 Qa5+ 9. b4 Nxb4 10. Qxh8+ Ke7 11. axb4 Qxb4+ 12. Kd1 Qb3+ 13. Ke1 Qb4+ 14.
Kd1 {Game drawn by mutual agreement} 1/2-1/2